 Dungeon Crawl Stone Soup version 0.19-a0-1675-gc11f27c (webtiles) character file.

247129 AlphabetPasta the Metallomancer (level 19, -15/104 HPs)
             Began as a Gargoyle Earth Elementalist on Sept 21, 2016.
             Was the Champion of Vehumet.
             Demolished by a vault warden
             ... wielding a +0 broad axe of flaming
              (31 damage)
             ... on level 1 of the Vaults on Sept 22, 2016.
             The game lasted 05:20:48 (51199 turns).

AlphabetPasta the Metallomancer (GrEE)             Turns: 51199, Time: 05:20:49

Health: -15/104    AC: 27    Str: 12    XL:     19   Next: 53%
Magic:  13/47      EV: 19    Int: 29    God:    Vehumet [******]
Gold:   2442       SH:  0    Dex: 10    Spells: 11 memorised, 7 levels left

rFire  . . .     SeeInvis +     b - 626 stones
rCold  . . .     Gourm    .     x - +0 mottled dragon armour
rNeg   + . .     Faith    .     Y - +2 buckler
rPois  ∞         Spirit   .     U - +3 hat of Pondering {ponderous, MR+ MP+10 Int+5}
rElec  +         Dismiss  .     w - +0 cloak
rCorr  .         Reflect  +     I - +0 pair of gloves
MR     ++...     Harm     .     K - +0 pair of boots
Stlth  +.........               z - +2 amulet of reflection
                                M - ring of see invisible
                                L - +4 ring of evasion

@: confused, about to teleport, flying, studying Evocations, slow
A: big wings, negative energy resistance 1, electricity resistance, unbreathing,
petrification resistance, rot immunity, AC +13
a: Stop Flying, Renounce Religion
}: 2/15 runes: decaying, serpentine


You were on level 1 of the Vaults.
You worshipped Vehumet.
Vehumet was exalted by your worship.
You were not hungry.

You visited 7 branches of the dungeon, and saw 33 of its levels.
You also visited: Ossuary, Volcano and Desolation.

You collected 3181 gold pieces.
You spent 739 gold pieces at shops.

Inventory:

Missiles
 b - 626 stones (in hand)
Armour
 w - a +0 cloak (worn)
 x - a +0 mottled dragon armour (worn)
 I - a +0 pair of gloves (worn)
 K - a +0 pair of boots (worn)
 U - the +3 hat of Pondering (worn) {ponderous, MR+ MP+10 Int+5}
   (You took it off Gastronok on level 1 of the Lair of Beasts)

   It affects your intelligence (+5).
   It affects your resistance to hostile enchantments.
   It affects your magic capacity (+10).
 Y - a +2 buckler (worn)
Magical Staves
 a - an uncursed staff of earth
Jewellery
 z - a +2 amulet of reflection (around neck)
 F - an uncursed ring of fire
 G - an uncursed ring of positive energy
 L - a +4 ring of evasion (left hand)
 M - a ring of see invisible (right hand)
 O - an uncursed amulet of magic regeneration {unknown}
 S - the amulet of Midsummer {Faith *Corrode +Blink +Fly Str+4 Dex+3, unknown}
   (You took it off a naga on level 4 of the Snake Pit)

   [amulet of faith]

   It allows you to gain divine favour quickly.
   It affects your strength (+4).
   It affects your dexterity (+3).
   It lets you fly.
   It lets you blink.
   It may corrode you when you take damage.
Wands
 r - a wand of acid (7/15)
 u - a wand of disintegration (9/24)
 v - a wand of iceblast (9/15)
 V - a wand of paralysis (18/24)
Scrolls
 c - a scroll of amnesia
 d - 2 scrolls of identify
 i - 9 scrolls of remove curse
 p - 3 scrolls of teleportation
 y - a scroll of magic mapping
Potions
 f - 9 potions of curing
 j - 3 potions of agility
 l - 6 potions of heal wounds
 o - 5 potions of haste
 t - 2 potions of magic
 B - 3 potions of ambrosia
 E - 9 potions of cancellation
 J - 7 potions of resistance
 Q - a potion of might
 T - 3 potions of brilliance
 Z - 3 potions of invisibility
Books
 C - a manual of Evocations
Miscellaneous
 H - a box of beasts
Comestibles
 h - 13 meat rations
 A - 26 beef jerkies
 D - 4 chunks of flesh
 N - a bread ration
 P - 31 fruits


   Skills:
 - Level 6.4 Fighting
   Level 2.0(3.3) Polearms
 + Level 4.6(4.9) Staves
 - Level 5.0 Armour
 - Level 9.0 Dodging
 - Level 2.1 Stealth
 - Level 4.0 Shields
 + Level 14.2 Spellcasting
 + Level 15.5 Conjurations
 - Level 3.0 Translocations
 - Level 0.7 Transmutations
 * Level 23.1 Earth Magic
 + Level 12.2 Evocations


You had 7 spell levels left.
You knew the following spells:

 Your Spells              Type           Power        Failure   Level  Hunger
a - Sandblast             Erth           ######       0%          1    None
b - Passwall              Tmut/Erth      ######....   1%          2    None
c - Stone Arrow           Conj/Erth      ######       0%          3    None
d - Petrify               Tmut/Erth      ######..     1%          4    None
e - Lee's Rapid Deconstr  Erth           ########..   0%          5    None
f - Searing Ray           Conj           ######       0%          2    None
g - Apportation           Tloc           #####.....   1%          1    None
h - Irradiate             Conj/Tmut      ######....   1%          5    None
i - Lehudib's Crystal Sp  Conj/Erth      #######...   3%          8    #######
j - Iron Shot             Conj/Erth      #######...   1%          6    ####...
k - Blink                 Tloc           N/A          1%          2    None


Dungeon Overview and Level Annotations

Branches:
Dungeon (15/15)            Temple (1/1) D:6            Lair (6/6) D:11
  Swamp (4/4) Lair:3        Snake (4/4) Lair:2        Slime (0/5) Lair:6
    Orc (2/2) D:12            Elf (0/3) Orc:2        Vaults (1/5) D:14
 Depths (0/5) D:15

Altars:
Ashenzari
Cheibriados
Dithmenos
Elyvilon
Fedhas
Gozag
Hepliaklqana
Kikubaaqudgha
Makhleb
Nemelex Xobeh
Okawaru
Qazlal
Ru
Sif Muna
Trog
Uskayaw
Vehumet
Xom
Yredelemnul
Zin
The Shining One
Beogh

Shops:
D:7 =   D:11 %   Orc:1 }   Orc:2 =**=

Portals:
Trove: D:10 (give +7 demon whip)

Annotations:
D:11 Ultraviolent4's ghost, journeyman TrEE


Innate Abilities, Weirdness & Mutations

You are resistant to torment.
Your stone body is resilient. (AC +13)
You are immune to poison.
Your large and strong wings let you fly indefinitely.
You resist negative energy. (rN+)
You are resistant to electric shocks. (rElec)
You can survive without breathing.
You are immune to petrification.
You are immune to rotting.


Message History

* * * LOW HITPOINT WARNING * * *
The yaktaur hits you.
* * * LOW HITPOINT WARNING * * *
Unknown command.
You feel better. The yaktaur completely misses you.
The yaktaur hits you but does no damage.
As you read the scroll of teleportation, it crumbles to dust.
You feel strangely unstable. You block the vault warden's attack.
The yaktaur closely misses you. You block the yaktaur's attack.
You are confused.
You feel invigorated.
The vault warden hits you with a broad axe of flaming!
* * * LOW HITPOINT WARNING * * *
The vault warden burns you!
* * * LOW HITPOINT WARNING * * *
The yaktaur hits you but does no damage.
The yaktaur misses you. The yaktaur misses you.
The vault warden hits you with a broad axe of flaming!!
You die...

,,,,,,,,,,********* *,,,,,,*
,,,,,,,,,,* *,,,,,,*
*****+**+***************,,,,,,*
,,,..........,,,,,,,,,,+,,,,,,*
,,....c(p....,,,,,,,,,,*,,,,,,*
,,.....cc...,,,,,,,,,,,*,,,,,,*
,,....c.....,,,,,,,,,,,+,,,,,,*
,.......c..###,####,,,,********
,............#,#@c#,,,,*
,............###pc#,,,,*
,,.........#...%C##,,,,*
,,..........(.)).#,,,,,*
**####.......(!..#*,,,,*
,*,,,#.......###.%#,,,,*
,*,,,#....#..#,#..#,,,,*
,+,,,#....##...####,,,,*
**,,,#...........,,,,,,*


You could see a vault warden, a cyclops and 2 yaktaurs.

Vanquished Creatures
  Vashnia (Snake:2)
  A bone dragon (Swamp:4)
  Rupert (D:15)
  Gastronok (Lair:1)
  Roxanne (D:15)
  10 greater nagas (Snake:4)
  A very ugly thing (Swamp:4)
  2 entropy weavers (Lair:4)
  An ettin (Orc:2)
  A fire dragon (Lair:6)
  A ragged hierophant (Vaults:1)
  The ghost of TheGoonsmith the Destroyer, a journeyman GrFE of Sif Muna (Lair:3)
  25 naga warriors
  11 hydras
  3 ghost crabs
  5 anacondas
  A servant of whispers (Desolation)
  A peacekeeper (Vaults:1)
  A death knight (D:13)
  6 centaur warriors
  6 ogre magi
  9 alligators
  A death yak (Lair:1)
  A queen ant (Lair:4)
  Urug (D:13)
  28 naga sharpshooters
  3 deep elf knights (D:14)
  Sonja (D:14)
  Nergalle (Lair:1)
  5 shock serpents
  A spriggan druid (Swamp:2)
  3 wizards
  3 swamp dragons
  5 naga ritualists
  A deep elf archer (D:14)
  A spectral hydra (Swamp:4)
  2 shambling mangroves (Swamp:3)
  8 hill giants
  2 phantasmal warriors
  4 orc knights
  4 mana vipers
  8 ugly things
  A necromancer (D:14)
  18 deep elf magi
  5 hornets
  A wolf spider zombie (D:15)
  3 oklob plants (Lair:6)
  5 salamanders
  3 manticores
  3 cyclopes
  15 naga magi
  29 black mambas
  13 guardian serpents
  8 elephants
  3 gargoyles
  Psyche (D:10)
  A torpor snail (Lair:6)
  7 spiny frogs
  A rime drake (Lair:5)
  3 kobold demonologists (D:15)
  2 freezing wraiths
  2 swamp worm zombies (Swamp:4)
  11 komodo dragons
  3 yaktaurs (Vaults:1)
  5 hydra zombies (Swamp:4)
  A tengu conjurer (D:14)
  Grinder (D:6)
  22 blink frogs
  7 trolls
  6 tyrant leeches
  22 two-headed ogres
  9 polar bears (Lair:6)
  15 bog bodies
  3 saltlings
  3 spectral swamp dragons (Swamp:4)
  16 slime creatures
  16 dream sheep
  A hornet zombie (D:13)
  16 hippogriffs
  4 raiju (Lair:6)
  A hippogriff (shapeshifter) (D:12)
  An alligator zombie (Swamp:4)
  2 flying skulls (Volcano)
  5 spriggans
  3 shadows
  5 wraiths
  3 wyverns
  Sigmund (D:5)
  55 yaks
  5 vampires
  3 hungry ghosts
  A basilisk (shapeshifter) (D:15)
  3 steam dragons (Lair:6)
  6 basilisks
  28 vampire mosquitoes
  6 wargs
  27 swamp worms
  2 mottled dragons
  5 soldier ants (Lair:4)
  5 insubstantial wisps (Swamp:4)
  81 nagas
  13 water moccasins
  7 porcupines
  Duvessa (D:7)
  28 orc warriors
  A water moccasin (shapeshifter) (D:15)
  6 hell hounds (Lair:6)
  10 swamp drakes
  6 sky beasts
  14 black bears
  3 ice beasts
  15 wasps
  An ogre (shapeshifter) (D:15)
  31 ogres
  8 phantoms
  12 wolves
  3 necrophages
  2 swamp dragon zombies (Swamp:4)
  15 centaurs
  20 crocodiles
  3 elf zombies (Ossuary)
  Blork the orc (D:5)
  22 bullfrogs
  4 big kobolds
  A wyvern zombie (D:12)
  3 gnoll sergeants
  A wyvern skeleton (D:15)
  Dowan (D:7)
  4 scorpions
  A water moccasin skeleton (D:6)
  13 killer bees
  11 wights
  2 vampire bats (Lair:3)
  8 crimson imps
  5 howler monkeys
  5 bullfrog zombies
  6 centaur zombies
  19 hounds
  3 quasits
  A human zombie (Ossuary)
  10 jellies
  20 orc priests
  3 bullfrog skeletons
  37 orc wizards
  5 centaur skeletons
  19 iguanas
  28 worker ants
  A spectral swamp drake (Swamp:4)
  A big kobold zombie (Ossuary)
  2 hound skeletons
  3 hound zombies
  5 mummies
  Robin (D:2)
  15 gnolls
  15 adders
  36 river rats
  2 swamp drake zombies (Swamp:4)
  3 shadow imps
  6 oozes
  2 adder skeletons
  2 adder zombies
  4 worms
  11 leopard geckos
  130 orcs
  6 giant cockroaches
  7 hobgoblins
  7 jackals
  23 kobolds
  4 quokkas
  4 ball pythons
  16 bats
  4 frilled lizards
  10 goblins
  2 goblin zombies
  4 hobgoblin zombies (Ossuary)
  2 jackal skeletons
  2 jackal zombies (Ossuary)
  12 kobold zombies (Ossuary)
  A leopard gecko skeleton (D:4)
  A leopard gecko zombie (D:6)
  10 orc zombies
  A quokka skeleton (D:4)
  A quokka zombie (D:6)
  6 rats
  A rat zombie (Ossuary)
  2 plants
1503 creatures vanquished.

Vanquished Creatures (others)
  A centaur warrior (D:15)
  A naga sharpshooter (Snake:4)
  An insubstantial wisp (Swamp:4)
  A swamp drake (Swamp:3)
  19 fungi
  39 plants
62 creatures vanquished.

Grand Total: 1565 creatures vanquished

Notes
Turn   | Place    | Note
-------+----------+-------------------------------------------
     0 | D:1      | AlphabetPasta the Gargoyle Earth Elementalist began the quest for the Orb.
     0 | D:1      | Reached XP level 1. HP: 10/10 MP: 3/3
   306 | D:1      | Reached skill level 4 in Earth Magic
   500 | D:1      | Reached XP level 2. HP: 15/15 MP: 0/5
  1083 | D:1      | Reached XP level 3. HP: 19/19 MP: 3/6
  1253 | D:2      | Learned a level 2 spell: Passwall
  1257 | D:2      | Learned a level 3 spell: Stone Arrow
  1357 | D:2      | Reached skill level 5 in Earth Magic
  1768 | D:2      | Reached XP level 4. HP: 24/24 MP: 2/7
  1899 | D:3      | Noticed Robin
  1975 | D:3      | Reached skill level 1 in Conjurations
  2066 | D:2      | Killed Robin
  2421 | D:3      | Reached XP level 5. HP: 26/28 MP: 5/9
  2870 | D:3      | Reached skill level 6 in Earth Magic
  3025 | D:3      | Reached XP level 6. HP: 32/32 MP: 3/10
  3261 | D:4      | Found a sand-covered staircase.
  3274 | D:4      | Learned a level 3 spell: Stone Arrow
  3337 | Ossuary  | Entered an ossuary
  3702 | Ossuary  | Reached skill level 7 in Earth Magic
  3803 | Ossuary  | Reached XP level 7. HP: 27/36 MP: 5/12
  4072 | Ossuary  | Reached skill level 8 in Earth Magic
  4165 | D:4      | Got an ichor-stained spear
  4300 | D:4      | Reached XP level 8. HP: 35/41 MP: 7/14
  4449 | D:4      | Learned a level 4 spell: Petrify
  4455 | D:4      | Learned a level 5 spell: Lee's Rapid Deconstruction
  4766 | D:4      | Identified the +5 spear "Xoceuje" {flame, rElec} (You found it on level 4 of the Dungeon)
  4840 | D:5      | Entered Level 5 of the Dungeon
  5043 | D:5      | Reached skill level 9 in Earth Magic
  5285 | D:5      | Noticed Blork the orc
  5287 | D:5      | Noticed Sigmund
  5973 | D:6      | Reached skill level 5 in Spellcasting
  6238 | D:6      | Reached skill level 5 in Conjurations
  6287 | D:6      | Got an encrusted flail
  6288 | D:6      | Identified the +10 flail of the Coin {freeze, *Noise +Rage Str+5} (You found it on level 6 of the Dungeon)
  6401 | D:6      | Reached skill level 10 in Earth Magic
  6476 | D:6      | Reached XP level 9. HP: 42/45 MP: 4/17
  6682 | D:6      | Noticed Grinder
  6892 | D:6      | Found a staircase to the Ecumenical Temple.
  6901 | Temple   | Entered the Ecumenical Temple
  6967 | Temple   | Became a worshipper of Vehumet
  7589 | D:7      | Noticed Duvessa
  7589 | D:7      | Noticed Dowan
  7593 | D:7      | Killed Duvessa
  7595 | D:7      | Killed Dowan
  7595 | D:7      | Reached skill level 11 in Earth Magic
  7755 | D:7      | Reached skill level 1 in Fighting
  8157 | D:6      | Reached * piety under Vehumet
  8157 | D:6      | Offered knowledge of Sting by Vehumet.
  8443 | D:7      | Found Malet's Jewellery Emporium.
  8451 | D:7      | Bought a cursed amulet of inaccuracy for 28 gold pieces
  9208 | D:7      | Reached XP level 10. HP: 52/55 MP: 14/20
  9213 | D:7      | Reached skill level 12 in Earth Magic
  9421 | D:7      | Offered knowledge of Searing Ray by Vehumet.
  9425 | D:7      | Learned a level 2 spell: Searing Ray
  9512 | D:7      | Reached skill level 1 in Polearms
  9519 | D:7      | Reached ** piety under Vehumet
  9864 | D:7      | Found a hide-covered altar of Uskayaw.
 10072 | D:5      | Killed Blork the orc
 10075 | D:5      | Killed Sigmund
 10179 | D:6      | Killed Grinder
 10260 | D:8      | Found a roughly hewn altar of Beogh.
 10601 | D:8      | Offered knowledge of Dazzling Spray by Vehumet.
 10710 | D:8      | Reached skill level 1 in Armour
 10723 | D:8      | Reached *** piety under Vehumet
 11020 | D:8      | Offered knowledge of Throw Icicle by Vehumet.
 11514 | D:8      | Reached skill level 13 in Earth Magic
 12078 | D:9      | Reached XP level 11. HP: 59/59 MP: 7/22
 12259 | D:9      | Reached **** piety under Vehumet
 12380 | D:9      | Offered knowledge of Force Lance by Vehumet.
 12686 | D:9      | Found an ancient bone altar of Kikubaaqudgha.
 12887 | D:10     | Entered Level 10 of the Dungeon
 12887 | D:10     | Noticed Psyche
 12890 | D:10     | Killed Psyche
 13215 | D:10     | Reached skill level 14 in Earth Magic
 13624 | D:10     | Found a portal to a secret trove of treasure.
 13674 | D:10     | Noticed a hill giant
 13683 | D:10     | Killed a hill giant
 14407 | D:10     | Noticed a centaur warrior
 14613 | D:10     | Killed a centaur warrior
 14835 | D:10     | Reached ***** piety under Vehumet
 15090 | D:11     | Offered knowledge of Iskenderun's Battlesphere by Vehumet.
 15232 | D:11     | Noticed a manticore
 15234 | D:11     | Killed a manticore
 15234 | D:11     | Reached XP level 12. HP: 67/67 MP: 15/24
 15325 | D:11     | Found Viubeism's Food Boutique.
 15688 | D:11     | Noticed Ultraviolent4's ghost (journeyman TrEE)
 15751 | D:10     | Reached skill level 15 in Earth Magic
 16033 | D:11     | Found a staircase to the Lair.
 16239 | D:12     | Reached skill level 1 in Shields
 16608 | D:12     | Learned a level 1 spell: Apportation
 17489 | D:12     | Offered knowledge of Yara's Violent Unravelling by Vehumet.
 17493 | D:12     | Found a roughly hewn altar of Beogh.
 17493 | D:12     | Found a staircase to the Orcish Mines.
 18120 | D:12     | Reached skill level 1 in Staves
 18215 | D:12     | Upgraded the game from 0.19-a0-1670-gc28a5d9 to 0.19-a0-1672-g679cadd
 18353 | Lair:1   | Entered Level 1 of the Lair of Beasts
 18369 | Lair:1   | Noticed Nergalle
 18380 | Lair:1   | Killed Nergalle
 18380 | Lair:1   | Reached skill level 10 in Conjurations
 18470 | Lair:1   | Noticed an eight-headed hydra
 18477 | Lair:1   | Killed an eight-headed hydra
 18477 | Lair:1   | Reached skill level 16 in Earth Magic
 18646 | Lair:1   | Reached skill level 5 in Fighting
 18731 | Lair:1   | Reached XP level 13. HP: 60/72 MP: 23/26
 19555 | Lair:1   | Noticed Gastronok
 19565 | Lair:1   | Killed Gastronok
 20073 | Lair:2   | Reached skill level 10 in Spellcasting
 20486 | Lair:2   | Reached skill level 17 in Earth Magic
 20704 | Lair:2   | Learned a level 5 spell: Irradiate
 20773 | Lair:2   | Found a staircase to the Snake Pit.
 20896 | Lair:3   | Offered knowledge of Poison Arrow by Vehumet.
 21280 | Lair:3   | Found a staircase to the Swamp.
 21910 | Lair:3   | Noticed TheGoonsmith's ghost (journeyman GrFE)
 21922 | Lair:3   | Killed TheGoonsmith's ghost
 22602 | Lair:4   | Noticed an entropy weaver
 22603 | Lair:4   | Noticed an entropy weaver
 22605 | Lair:4   | Killed an entropy weaver
 22613 | Lair:4   | Killed an entropy weaver
 22613 | Lair:4   | Gained mutation: Your large and strong wings let you fly indefinitely. [Gargoyle growth]
 22613 | Lair:4   | Reached XP level 14. HP: 69/80 MP: 22/28
 23664 | Lair:5   | Reached skill level 18 in Earth Magic
 23666 | Lair:5   | Reached skill level 1 in Translocations
 24374 | Lair:6   | Entered Level 6 of the Lair of Beasts
 24637 | Lair:6   | Offered knowledge of Bolt of Fire by Vehumet.
 25592 | Lair:6   | Reached ****** piety under Vehumet
 26025 | Lair:6   | Reached skill level 5 in Dodging
 26267 | Lair:6   | Reached skill level 1 in Evocations
 26608 | Lair:6   | Found a staircase to the Slime Pits.
 27223 | Lair:6   | Offered knowledge of Ozocubu's Refrigeration by Vehumet.
 27223 | Lair:6   | Reached XP level 15. HP: 55/84 MP: 10/30
 27636 | Lair:1   | Learned a level 8 spell: Lehudib's Crystal Spear
 27764 | Orc:1    | Entered Level 1 of the Orcish Mines
 27765 | Orc:1    | Found a dark tunnel.
 27801 | Volcano  | Entered a volcano
 27950 | Volcano  | Reached skill level 19 in Earth Magic
 28717 | Orc:2    | Entered Level 2 of the Orcish Mines
 28724 | Orc:2    | Offered knowledge of Iron Shot by Vehumet.
 29399 | Orc:2    | Found a staircase to the Elven Halls.
 29587 | Orc:2    | Learned a level 6 spell: Iron Shot
 29694 | Orc:2    | Found a roughly hewn altar of Beogh.
 29789 | Orc:1    | Found Beazxau's Gadget Emporium.
 30320 | Orc:2    | Found Pick's Jewellery Boutique.
 30320 | Orc:2    | Found Pirhupuff's Assorted Antiques.
 30321 | Orc:2    | Found Koug's Assorted Antiques.
 30321 | Orc:2    | Found Par Yhojy's Jewellery Shop.
 30334 | Orc:2    | Bought an uncursed ring of see invisible for 165 gold pieces
 30334 | Orc:2    | Bought a cursed amulet of inaccuracy for 22 gold pieces
 30340 | Orc:2    | Bought a puce potion for 29 gold pieces
 30340 | Orc:2    | Bought 2 potions of heal wounds for 330 gold pieces
 30340 | Orc:2    | Bought a glass ring for 165 gold pieces
 30714 | D:13     | Identified a scroll of acquirement
 31043 | D:13     | Noticed Urug
 31045 | D:13     | Killed Urug
 31748 | D:14     | Found a stormy altar of Qazlal.
 31751 | D:14     | Noticed Rupert
 32118 | D:14     | Offered knowledge of Orb of Destruction by Vehumet.
 32163 | D:14     | Reached XP level 16. HP: 90/90 MP: 6/32
 32404 | D:14     | Reached skill level 20 in Earth Magic
 32416 | D:14     | Noticed Sonja
 32416 | D:14     | Killed Sonja
 32644 | D:14     | Identified a +1 rod of inaccuracy (12/12) (You found it on level 14 of the Dungeon)
 32726 | D:14     | Found a hide-covered altar of Uskayaw.
 32798 | D:14     | Found a gate to the Vaults.
 33029 | D:15     | Entered Level 15 of the Dungeon
 33032 | D:15     | Killed Rupert
 33033 | D:15     | Reached skill level 5 in Evocations
 33835 | D:15     | Noticed Roxanne
 33838 | D:15     | Killed Roxanne
 34183 | D:15     | Identified Roxanne's Papyrus of Changing (You took it off Roxanne on level 15 of the Dungeon)
 34403 | D:15     | Found a staircase to the Depths.
 34842 | Swamp:1  | Entered Level 1 of the Swamp
 35040 | Swamp:1  | Learned a level 2 spell: Blink
 36037 | Swamp:2  | Offered knowledge of Shatter by Vehumet.
 36037 | Swamp:2  | Offered knowledge of Chain Lightning by Vehumet.
 36037 | Swamp:2  | Offered knowledge of Tornado by Vehumet.
 36448 | Swamp:2  | Reached XP level 17. HP: 94/94 MP: 28/33
 36805 | Swamp:2  | Reached skill level 21 in Earth Magic
 38306 | Swamp:3  | Got a shimmering granite ring
 38308 | Swamp:3  | Identified the ring "Velergh" {rCorr Slay+2} (You found it on level 3 of the Swamp)
 39211 | Swamp:4  | Entered Level 4 of the Swamp
 40435 | Swamp:4  | HP: 2/94 [spectral swamp dragon (11)]
 41840 | Swamp:4  | Noticed a bone dragon
 41855 | Swamp:4  | Killed a bone dragon
 41859 | Swamp:4  | Got a decaying rune of Zot
 42028 | Snake:1  | Entered Level 1 of the Snake Pit
 42029 | Snake:1  | Upgraded the game from 0.19-a0-1672-g679cadd to 0.19-a0-1675-gc11f27c
 43263 | Snake:1  | Reached XP level 18. HP: 100/100 MP: 35/35
 44052 | Snake:2  | Noticed Vashnia
 44095 | Snake:2  | Reached skill level 10 in Evocations
 44109 | Snake:2  | Killed Vashnia
 44445 | Snake:2  | Reached skill level 22 in Earth Magic
 45657 | Snake:4  | Entered Level 4 of the Snake Pit
 47485 | Snake:4  | Reached skill level 15 in Conjurations
 47711 | Snake:3  | Reached skill level 5 in Armour
 48651 | Snake:4  | Reached XP level 19. HP: 99/104 MP: 31/36
 50037 | Snake:4  | Got a warped bone amulet
 50174 | Snake:4  | Reached skill level 23 in Earth Magic
 50630 | Snake:4  | Got a serpentine rune of Zot
 50686 | Snake:4  | Identified the Almanac of Summoning and Toxins
 50964 | Vaults:1 | Entered Level 1 of the Vaults
 51028 | Vaults:1 | Found a ruined gateway.
 51112 | Desolati | Entered the Desolation of Salt
 51199 | Vaults:1 | Demolished by a vault warden

Vault maps used:
D:1:      sevenhm_arrival_forest_fort_large_2, minivault_23
D:3:      uniq_robin
D:4:      nicolae_ossuary_entry_giza
D:5:      first_bread, uniq_sigmund, uniq_blork_the_orc
D:6:      uniq_grinder
D:7:      minmay_flawed_box, serial_shops, shop, basic_altar, uniq_duvessa
D:8:      special_room
D:9:      basic_altar
D:10:     enter_trove_2, hangedman_little_slice_of_home, uniq_psyche
D:11:     lair_0_dummy, serial_shops, nicolae_shop_statue_plus,
          mrwooster_statue_mirror
D:12:     david_orc_5
D:13:     evilmike_butchery, uniq_urug
D:14:     minmay_elf_outpost, david_vaults_1, basic_altar,
          grunt_decor_mini_mirrors, grunt_qazlal_sundering, uniq_rupert,
          uniq_sonja
D:15:     hangedman_depths_entry_try_elsewhere_first, uniq_roxanne
Temple:   dpeg_three_leaves_temple
Lair:1:   hangedman_lair_generics_rect, uniq_gastronok, uniq_nergalle
Lair:2:   minmay_snake_entry_spellcaster, lemuel_fruit_tree
Lair:3:   minmay_swamp_entry_swarm, st_stairs_11, roderic_batcave,
          grunt_megastairs_5
Lair:4:   minmay_another_anthill
Lair:5:   grunt_megastairs_2
Lair:6:   hangedman_lair_caniforms_friends, guppyfry_lair_end_dragon,
          minmay_slime_entry_oklob_enclosed
Swamp:1:  hangedman_swamp_ruin_wall, nicolae_swamp_hydra_murder_den,
          infiniplex_staircase_pool_2
Swamp:2:  hangedman_swamp_pad, nicolae_swamp_snake_nest
Swamp:3:  hangedman_swamp_cone, swamp_pool2, hangedman_swamp_wriggling
Swamp:4:  swamp_pestilence
Snake:2:  statue_in_the_mist_lemuel, nicolae_large_snake_swirl, uniq_vashnia
Snake:3:  nrook_guardian_serpent_ordinary
Snake:4:  grunt_snake_rune_spirals
Orc:1:    serial_shops, nicolae_shop_temple_entry_statues_fountains,
          enter_volcano_1
Orc:2:    st_orc_ogre_mass, mines2_david
Vaults:1: ontoclasm_vaults_twist, v_rooms_2, v_alt_pattern_5, v_misc_8,
          vaults_room_fancy_cross, hangedman_vaults_capsules, v_misc_17,
          hangedman_vaults_stretched_pinwheel,
          vaults_room_grunt_arrival_checkpoint, vaults_dpeg_ring,
          nicolae_vaults_asterisk, portal_desolation_entry_ruin
Ossuary:  ossuary_tomb_1
Volcano:  volcano_tomb

Skill      XL: |  1  2  3  4  5  6  7  8  9 10 11 12 13 14 15 16 17 18 19 |
---------------+----------------------------------------------------------+-----
Earth Magic    | 4 5 6 7 8 10 11 13 14 16 17 18 19 20 21 22 23 | 23.1
Conjurations   | 1 2 3 4 5 6 7 9 10 11 12 13 14 15 | 15.5
Spellcasting   | 3 4 5 6 7 8 9 10 11 12 13 14 | 14.2
Fighting       | 2 4 5 6 |  6.4
Polearms       | 2 |  2.0
Armour         | 2 3 5 |  5.0
Dodging        | 3 4 5 6 7 8 9 |  9.0
Shields        | 4 |  4.0
Staves         | 2 4 |  4.6
Translocations | 3 |  3.0
Evocations     | 2 4 7 9 11 12 | 12.2
Stealth        | |  2.1
Transmutations | |  0.7

Action                   |  1- 3 |  4- 6 |  7- 9 | 10-12 | 13-15 | 16-18 | 19-21 || total
-------------------------+-------+-------+-------+-------+-------+-------+-------++-------
Melee: Spear             |     3 |    15 |    29 |    50 |     3 |       |       ||   100
       Halberd           |       |    90 |    29 |       |       |       |       ||   119
       Flail             |       |       |     8 |     2 |       |       |       ||    10
       Staff             |       |       |       |       |     4 |    49 |    13 ||    66
Throw: Stone             |       |     2 |       |     1 |     1 |       |       ||     4
 Cast: Sandblast         |    47 |   106 |   377 |   107 |   180 |    57 |    11 ||   885
       Passwall          |       |       |     2 |       |     2 |       |       ||     4
       Stone Arrow       |       |       |    11 |   163 |   400 |   802 |   117 ||  1493
       Searing Ray       |       |       |       |   114 |    79 |     4 |       ||   197
       Lee's Rapid Decon |       |       |       |    62 |   160 |   137 |    74 ||   433
       Petrify           |       |       |       |     5 |    14 |     8 |     4 ||    31
       Irradiate         |       |       |       |       |     6 |     5 |       ||    11
       Apportation       |       |       |       |       |     1 |       |       ||     1
       Iron Shot         |       |       |       |       |    17 |   146 |     4 ||   167
       Blink             |       |       |       |       |       |     4 |     1 ||     5
 Abil: Fly               |       |       |       |       |     1 |       |       ||     1
Evoke: Wand              |       |       |       |     7 |     7 |     3 |       ||    17
  Use: Scroll            |     7 |     4 |     6 |     8 |     9 |    11 |     3 ||    48
       Potion            |       |       |     1 |       |     2 |     2 |     5 ||    10
 Stab: Sleeping          |     3 |     2 |    10 |       |       |       |       ||    15
       Petrified         |       |       |       |    13 |       |       |       ||    13
  Eat: Bread ration      |     1 |       |     2 |     1 |     1 |     8 |     2 ||    15
       Chunk             |       |     3 |     6 |    35 |    47 |    32 |       ||   123
       Meat ration       |       |     1 |       |     2 |       |       |       ||     3
       Fruit             |       |       |       |     2 |       |     1 |       ||     3
       Pizza             |       |       |       |     1 |     2 |     2 |       ||     5
       Beef jerky        |       |       |       |       |     1 |       |       ||     1
       Royal jelly       |       |       |       |       |     5 |     6 |       ||    11
Armor: Robe              |     7 |    56 |   125 |    30 |       |       |       ||   218
       Leather armour    |       |       |       |   189 |   222 |   204 |       ||   615
       Mottled dragon ar |       |       |       |       |       |    70 |    53 ||   123
Dodge: Dodged            |     9 |    83 |   170 |   161 |   234 |   407 |    92 ||  1156
Block: Other             |       |       |    13 |    23 |       |       |       ||    36
       Reflection        |       |       |       |     9 |     7 |    37 |    14 ||    67
       Buckler           |       |       |       |    20 |   119 |   214 |    38 ||   391
